 Dungeon Crawl Stone Soup version 0.31-a0-1206-g41278d8d1d (webtiles) character file.

Game seed: 1379643002011527743

4 MachoJfn the Chopper (level 1, 0/16 HPs)
             Began as a Demonspawn Gladiator on Dec 13, 2023.
             Slain by a goblin
             ... wielding a +0 dagger
              (3 damage)
             ... on level 1 of the Dungeon.
             The game lasted 00:00:08 (19 turns).

MachoJfn the Chopper (Demonspawn Gladiator)           Turns: 19, Time: 00:00:10

Health: 0/16       AC:  4    Str: 14    XL:     1   Next: 50%
Magic:  1/1        EV:  9    Int:  8    God:
Gold:   0          SH:  0    Dex: 14    Spells: 0/0 levels left

rFire   . . .        a - +0 war axe
rCold   . . .        (no shield)
rNeg    . . .        b - +0 leather armour
rPois   .            c - +0 helmet
rElec   .            (no cloak)
rCorr   .            (no gloves)
SInv    .            (no boots)
Will    .....        (no amulet)
Stlth   +            (no ring)
HPRegen 0.22/turn    (no ring)
MPRegen 0.07/turn

%: no passive effects
@: constricted
A: no striking features
a: no special abilities


You were on level 1 of the Dungeon.
You visited 1 branch of the dungeon, and saw 1 of its levels.

Inventory:

Hand Weapons
 a - a +0 war axe (weapon)
Missiles
 d - 3 throwing nets (quivered)
 e - a javelin
Armour
 b - a +0 leather armour (worn)
 c - a +0 helmet (worn)


   Skills:
 + Level 2.0 Fighting
 + Level 2.7 Axes
 + Level 1.9 Throwing
 + Level 2.7 Dodging


You couldn't memorise any spells.
You didn't know any spells.
Your spell library was empty.

Dungeon Overview and Level Annotations

Branches:
Dungeon (1/15)

Altars:


Message History

A rat is nearby!
A goblin comes into view. It is wielding a +4 dagger.
The goblin shouts!
You hear a shout!
A kobold comes into view.
It is wielding a +0 club. 2 goblins come into view.
The goblin shouts! x2; You hear a loud squeak.
An endoplasm comes into view.
A ball python comes into view.
The kobold throws a stone.
The stone hits you but does no damage.
The endoplasm moves out of view.
The rat bites you but does no damage.
The ball python hisses angrily.
You hit the goblin.
The goblin is severely wounded.
You slash the rat!
You kill the rat!
The goblin hits you but does no damage.
You slash the goblin!
You kill the goblin!
You barely miss the goblin. The goblin closely misses you.
You slash the kobold!
You kill the kobold!
You closely miss the goblin. The goblin barely misses you.
The endoplasm closely misses you. The goblin barely misses you.
You slash the endoplasm!
You kill the endoplasm!
You closely miss the goblin. x2; The goblin barely misses you.
The goblin hits you with a +0 dagger. The ball python closely misses you.
The ball python barely misses you.
You hit the ball python but do no damage.
You barely miss the goblin. x2; The ball python misses you.
The ball python closely misses you.
The goblin hits you with a +0 dagger. x2
The ball python closely misses you. The ball python grabs you.
The ball python constricts you.
You completely miss the ball python. You hit the goblin.
You closely miss the goblin.
The goblin hits you with a +0 dagger. x2
* * * LOW HITPOINT WARNING * * *
The ball python barely misses you. The ball python constricts you.
* * * LOW HITPOINT WARNING * * *
The goblin hits you with a +0 dagger.
You die...

..##.....##.### ..
....... #.....##...
.......##.<.....# .
........#.....##....
#!....##.###.....
#.##......)....#
##...........#
...##.†.g..####.....
......S@#..# .###
......g##..# #
......# ##..# ......
#..g. ...... ..#..
...... .##. .....
....


You could see 2 goblins and a ball python.

Vanquished Creatures
  An endoplasm (D:1)
  A goblin (D:1)
  A kobold (D:1)
  A rat (D:1)
4 creatures vanquished.

Notes
Turn   | Place    | Note
-------+----------+-------------------------------------------
     0 | D:1      | MachoJfn the Demonspawn Gladiator began the quest for the
                  | Orb.
     0 | D:1      | Reached XP level 1. HP: 16/16 MP: 1/1
    19 | D:1      | Slain by a goblin

Illustrated notes

Levels and vault maps discovered:
D:1:      erik_arrival_blinker_ship, layout_rooms, basic_ecumenical_altar,
          minmay_misc_feat_rugged, chequers_serial_rivers_micro_e,
          dreamdust_wishing_well

Action                     || total
---------------------------++-------
  Melee: War axe           ||     6
 Armour: Leather armour    ||     9
  Dodge: Dodged            ||    11

Table legend: (Time is in decaauts)
 A = Elapsed time spent in this place.
 B = Non-inter-level travel time spent in this place.
 C = Inter-level travel time spent in this place.
 D = Time resting spent in this place.
 E = Time spent auto-exploring this place.
 F = Levels seen in this place.
 G = Mean time per level.
                   A        B        C        D        E       F      G
               +--------+--------+--------+--------+--------+-----+--------+
         Total |     20 |     20 |      0 |      0 |      5 |   1 |   20.0 |
       Dungeon |     20 |     20 |      0 |      0 |      5 |   1 |   20.0 |
               +--------+--------+--------+--------+--------+-----+--------+

Top non-repeatable levels by time:
     D:1: 20 daAuts
